Penguins vs Bruins

Created - 4 janvier 2021 at 13:19

Goals
1 2 3 OT1 SO T
Penguins 1 1 0 0 1 3
Bruins 1 0 1 0 0 2
Shots
1 2 3 OT1 SO T
Penguins 9 10 10 0 5 29
Bruins 18 12 7 0 5 37

1st period

1. Penguins , Charlie Coyle 6 (Mikael Granlund 10) at 18:28
2. Bruins , Anthony Mantha 15 (Brady Tkachuk 13) at 18:36

Penalties :
Michael Grabner (PIT) for Roughing (Minor) at 5:01

2nd period

3. Penguins , Brian Boyle 4 (Jesperi Kotkaniemi 2, Mikael Granlund 11) at 11:14

Penalties :
No Penalty

3rd period

4. Bruins , Brady Tkachuk 11 (Paul Stastny 15) at 19:51 (PP)

Penalties :
Tyler Myers (PIT) for Tripping (Minor) at 4:07, Michael Grabner (PIT) for Interference (Minor) at 19:44

Overtime #1

No Goal

Penalties :
No Penalty

Shootout

Penguins, Brent Burns - Shot Misses the Net
Bruins, Sean Monahan - Stopped by Jack Campbell
Penguins, Auston Matthews - Stopped by Juuse Saros
Bruins, Anthony Mantha - Stopped by Jack Campbell
Penguins, Tomas Tatar - Shot Misses the Net
Bruins, Brady Tkachuk - Stopped by Jack Campbell
Penguins, Patric Hornqvist - Stopped by Juuse Saros
Bruins, Ryan Johansen - Shot Misses the Net
Penguins, Charlie Coyle - Goal!
Bruins, Anthony Beauvillier - Stopped by Jack Campbell

Penalties :
No Penalty

Goalie Stats

Jack Campbell (PIT), 35 saves from 37 shots - (0,946), W, 5-1-0, 65:00 minutes
Juuse Saros (BOS), 27 saves from 29 shots - (0,931), OTL, 7-2-1, 64:10 minutes

Players Stats for Penguins

Player Name              G  A  P  +/- PIM S  H  SB GA TA FO     MP     PP MP  PK MP  
------------------------------------------------------------------------------------
Auston Matthews          0  0  0   0  0   5  0  1  1  0  11/17  19:17   0:00   0:00 
Brent Burns              0  0  0   1  0   1  1  2  2  1  0/0    25:18   0:00   1:39 
Brian Boyle              1  0  1   1  0   4  3  0  1  0  4/6    14:57   0:00   1:59 
Cale Makar               0  0  0   0  0   1  0  0  0  0  0/0    20:43   0:00   0:44 
Charlie Coyle            1  0  1   0  0   1  0  0  0  1  13/27  18:14   0:00   0:00 
Dmitry Orlov             0  0  0   0  0   1  0  4  0  0  0/0    19:03   0:00   1:39 
Jacob Larsson            0  0  0   0  0   0  0  0  0  0  0/0     6:56   0:00   0:28 
Jesperi Kotkaniemi       0  1  1   1  0   1  0  1  0  0  0/0    14:39   0:00   1:22 
Joel Armia               0  0  0   0  0   3  0  0  0  0  0/1    20:31   0:00   1:55 
Michael Grabner          0  0  0   1  4   1  0  1  0  0  0/0    13:59   0:00   0:34 
Mikael Granlund          0  2  2   0  0   7  1  0  1  0  0/1    20:28   0:00   1:43 
Mikkel Boedker           0  0  0   0  0   0  0  0  0  0  0/0     0:34   0:00   0:05 
Miro Heiskanen           0  0  0   0  0   0  1  1  0  0  0/0    19:01   0:00   0:00 
Patric Hornqvist         0  0  0   0  0   0  2  0  0  0  1/2    19:15   0:00   0:00 
Reid Boucher             0  0  0   0  0   0  1  0  0  0  0/0     9:09   0:00   0:00 
Roman Polak              0  0  0   0  0   0  2  1  0  0  0/0    19:18   0:00   2:26 
Sam Bennett              0  0  0   0  0   1  0  0  0  0  1/2     9:02   0:00   0:32 
Tomas Tatar              0  0  0   0  0   2  1  1  1  0  1/1    19:07   0:00   0:00 
Tyler Myers              0  0  0   1  2   1  0  4  0  0  0/0    21:21   0:00   1:14 

Players Stats for Bruins

Player Name              G  A  P  +/- PIM S  H  SB GA TA FO     MP     PP MP  PK MP  
------------------------------------------------------------------------------------
Anthony Beauvillier      0  0  0   0  0   0  0  1  0  0  0/1    18:01   1:51   0:00 
Anthony Mantha           1  0  1  -1  0   4  0  0  1  0  0/1    22:05   2:14   0:00 
Brady Tkachuk            1  1  2  -1  0   1  0  0  0  0  0/0    20:43   1:51   0:00 
Cam Fowler               0  0  0  -1  0   2  0  1  0  1  0/0    23:51   2:03   0:00 
Casey Cizikas            0  0  0   0  0   4  2  0  0  0  4/5    12:48   0:00   0:00 
Connor Murphy            0  0  0   0  0   1  2  1  1  0  0/0    18:57   0:00   0:00 
Ethan Bear               0  0  0   0  0   0  0  0  0  2  0/0    18:43   2:02   0:00 
Ilya Mikheyev            0  0  0   0  0   5  0  0  0  0  0/0    12:48   0:00   0:00 
Jakob Chychrun           0  0  0   0  0   1  0  0  0  0  0/0    20:55   2:03   0:00 
Joel Edmundson           0  0  0   0  0   1  2  0  0  1  0/0    16:39   0:00   0:00 
Lawson Crouse            0  0  0   0  0   4  1  1  0  0  0/1    13:39   0:00   0:00 
Luke Glendening          0  0  0   0  0   1  0  0  0  0  4/6    10:12   0:00   0:00 
Nolan Patrick            0  0  0   0  0   5  1  0  0  0  0/0    10:12   0:00   0:00 
Pat Maroon               0  0  0   0  0   5  1  1  0  0  0/0    10:12   0:00   0:00 
Paul Stastny             0  1  1   0  0   1  2  1  0  1  4/13   17:59   1:51   0:00 
Ryan Johansen            0  0  0   0  0   0  1  0  0  1  0/1    19:23   2:14   0:00 
Sean Monahan             0  0  0  -1  0   0  2  0  0  0  14/29  21:58   2:14   0:00 
Seth Jones               0  0  0  -1  0   2  0  1  0  0  0/0    25:55   2:02   0:00 

3 Stars

1 - Jack Campbell (PIT)
2 - Brian Boyle (PIT)
3 - Mikael Granlund (PIT)

Power Play

Penguins - 0 on 0 Attempt(s) - 0,00%
Bruins - 1 on 3 Attempt(s) - 33,33%

Penalty Kill

Penguins - 2 on 3 Attempt(s) - 66,67% - Score 0 goal in Penalty Kill
Bruins - 0 on 0 Attempt(s) - 0,00% - Score 0 goal in Penalty Kill

Team Stat

Penguins - Hits : 12 - Faceoff Wins : 31 - Blocked Shots : 16 - Penalty Minutes : 6
Bruins - Hits : 14 - Faceoff Wins : 26 - Blocked Shots : 7 - Penalty Minutes : 0

Official

Referees : Kyle Rehman and Shaun Davis
Linesman : Shaun Morgan and David Brisebois

Game Notes

No Game Note

Finance

Level 1 -- Attendance: 4748 (79,13%) -- Ticket Income 474 800 $
Level 2 -- Attendance: 5000 (100,00%) -- Ticket Income 300 000 $
Level 3 -- Attendance: 1891 (94,55%) -- Ticket Income 66 185 $
Level 4 -- Attendance: 4000 (100,00%) -- Ticket Income 80 000 $
Luxury Box -- Attendance: 824 (82,40%) -- Ticket Income 164 800 $
Game was played at the Boston Garden.
Total Attendance: 16463 (91,46%)
Total Ticket Income: 1 085 785 $
Other Income: 532 035 $
Total Income: 1 617 820 $

Penguins

5 vs 5 Forward 
   Center                   Left Wing                Right Wing               Time % Phy DF OF 
 1 Auston Matthews          Tomas Tatar              Patric Hornqvist         35     1   0  4  
 2 Charlie Coyle            Mikael Granlund          Joel Armia               33     1   2  2  
 3 Brian Boyle              Jesperi Kotkaniemi       Michael Grabner          20     1   2  2  
 4 Sam Bennett              Reid Boucher             Brent Burns              12     1   2  2  

5 vs 5 Defense 
   Defense                  Defense                                           Time % Phy DF OF 
 1 Brent Burns              Tyler Myers                                       30     1   4  0  
 2 Miro Heiskanen           Cale Makar                                        30     1   4  0  
 3 Roman Polak              Dmitry Orlov                                      30     1   4  0  
 4 Jacob Larsson            Tyler Myers                                       10     1   4  0  

PowerPlay Forward 
   Center                   Left Wing                Right Wing               Time % Phy DF OF 
 1 Auston Matthews          Tomas Tatar              Patric Hornqvist         60     1   2  2  
 2 Charlie Coyle            Mikael Granlund          Joel Armia               40     1   2  2  

PowerPlay Defense
   Defense                  Defense                                           Time % Phy DF OF 
 1 Brent Burns              Cale Makar                                        60     1   2  2  
 2 Miro Heiskanen           Dmitry Orlov                                      40     1   2  2  

Penalty Kill 4 Players Forward 
   Center                   Wing                     Time % Phy DF OF 
 1 Brian Boyle              Joel Armia               60     1   4  0  
 2 Mikael Granlund          Michael Grabner          40     1   2  2  

Penalty Kill 4 Players Defense
   Defense                  Defense                  Time % Phy DF OF 
 1 Roman Polak              Tyler Myers              60     1   4  0  
 2 Brent Burns              Dmitry Orlov             40     1   4  0  

Penalty Kill - 3 Players Forward 
   Forward                                           Time % Phy DF OF 
 1 Brian Boyle                                       60     1   2  2  
 2 Michael Grabner                                   40     1   2  2  

Penalty Kill - 3 Players Defense
   Defense                  Defense                  Time % Phy DF OF 
 1 Roman Polak              Tyler Myers              60     1   2  2  
 2 Miro Heiskanen           Dmitry Orlov             40     1   2  2  

4 vs 4 Forward 
   Center                   Wing                     Time % Phy DF OF 
 1 Auston Matthews          Tomas Tatar              60     1   2  2  
 2 Charlie Coyle            Patric Hornqvist         40     1   2  2  

4 vs 4 Defense
   Defense                  Defense                  Time % Phy DF OF 
 1 Brent Burns              Cale Makar               60     1   2  2  
 2 Miro Heiskanen           Dmitry Orlov             40     1   2  2  

Last Minutes Offensive
   Center                   Left Wing                Right Wing               Defense                  Defense                  
   Auston Matthews          Tomas Tatar              Patric Hornqvist         Brent Burns              Cale Makar               

Last Minutes Defensive
   Center                   Left Wing                Right Wing               Defense                  Defense                  
   Brian Boyle              Michael Grabner          Joel Armia               Brent Burns              Roman Polak              

Goaltenders
Starting : Jack Campbell            
Backup : Tuukka Rask              

Extra Forwards
Normal : Jesperi Kotkaniemi, Brian Boyle, Michael Grabner - PP : Jesperi Kotkaniemi, Brian Boyle - PK : Michael Grabner
Extra Defensemen
Normal : Roman Polak, Cale Makar, Jacob Larsson - PP : Roman Polak - PK : Cale Makar, Jacob Larsson
Penalty Shots
Brent Burns, Auston Matthews, Tomas Tatar, Patric Hornqvist, Charlie Coyle
Custom OT Lines Forwards
Auston Matthews, Patric Hornqvist, Tomas Tatar, Mikael Granlund, Charlie Coyle, Reid Boucher, Joel Armia, Jesperi Kotkaniemi, Brian Boyle, Michael Grabner
Custom OT Lines Defensemen
Brent Burns, Cale Makar, Miro Heiskanen, Jacob Larsson, Roman Polak

Scratches
Markus Granlund (Healthy), Tim Schaller (Separated Right Shoulder Injury)

Bruins

5 vs 5 Forward 
   Center                   Left Wing                Right Wing               Time % Phy DF OF 
 1 Sean Monahan             Brady Tkachuk            Anthony Mantha           35     0   3  2  
 2 Paul Stastny             Anthony Beauvillier      Ryan Johansen            30     0   2  3  
 3 Casey Cizikas            Lawson Crouse            Ilya Mikheyev            20     0   2  3  
 4 Luke Glendening          Pat Maroon               Nolan Patrick            15     0   3  2  

5 vs 5 Defense 
   Defense                  Defense                                           Time % Phy DF OF 
 1 Seth Jones               Cam Fowler                                        38     1   2  2  
 2 Jakob Chychrun           Connor Murphy                                     31     1   2  2  
 3 Joel Edmundson           Ethan Bear                                        31     0   2  2  
 4 Seth Jones               Connor Murphy                                     0      1   2  2  

PowerPlay Forward 
   Center                   Left Wing                Right Wing               Time % Phy DF OF 
 1 Sean Monahan             Anthony Mantha           Ryan Johansen            55     0   0  5  
 2 Paul Stastny             Brady Tkachuk            Anthony Beauvillier      45     1   0  4  

PowerPlay Defense
   Defense                  Defense                                           Time % Phy DF OF 
 1 Cam Fowler               Jakob Chychrun                                    50     0   0  5  
 2 Seth Jones               Ethan Bear                                        50     0   2  3  

Penalty Kill 4 Players Forward 
   Center                   Wing                     Time % Phy DF OF 
 1 Luke Glendening          Ilya Mikheyev            60     0   4  1  
 2 Casey Cizikas            Lawson Crouse            40     0   4  1  

Penalty Kill 4 Players Defense
   Defense                  Defense                  Time % Phy DF OF 
 1 Seth Jones               Connor Murphy            60     0   4  1  
 2 Ethan Bear               Joel Edmundson           40     0   4  1  

Penalty Kill - 3 Players Forward 
   Forward                                           Time % Phy DF OF 
 1 Luke Glendening                                   50     0   5  0  
 2 Casey Cizikas                                     50     0   5  0  

Penalty Kill - 3 Players Defense
   Defense                  Defense                  Time % Phy DF OF 
 1 Seth Jones               Connor Murphy            50     0   5  0  
 2 Ethan Bear               Joel Edmundson           50     0   5  0  

4 vs 4 Forward 
   Center                   Wing                     Time % Phy DF OF 
 1 Sean Monahan             Anthony Mantha           60     1   2  2  
 2 Ryan Johansen            Ilya Mikheyev            40     1   2  2  

4 vs 4 Defense
   Defense                  Defense                  Time % Phy DF OF 
 1 Seth Jones               Connor Murphy            60     1   2  2  
 2 Jakob Chychrun           Cam Fowler               40     1   2  2  

Last Minutes Offensive
   Center                   Left Wing                Right Wing               Defense                  Defense                  
   Sean Monahan             Anthony Mantha           Ryan Johansen            Seth Jones               Cam Fowler               

Last Minutes Defensive
   Center                   Left Wing                Right Wing               Defense                  Defense                  
   Sean Monahan             Anthony Mantha           Ryan Johansen            Seth Jones               Connor Murphy            

Goaltenders
Starting : Juuse Saros              
Backup : Jordan Binnington        

Extra Forwards
Normal : Nolan Patrick, Lawson Crouse, Casey Cizikas - PP : Nolan Patrick, Ilya Mikheyev - PK : Paul Stastny
Extra Defensemen
Normal : Joel Edmundson, Ethan Bear, Jakob Chychrun - PP : Joel Edmundson - PK : Jakob Chychrun, Cam Fowler
Penalty Shots
Sean Monahan, Anthony Mantha, Brady Tkachuk, Ryan Johansen, Anthony Beauvillier
Custom OT Lines Forwards
Sean Monahan, Anthony Mantha, Brady Tkachuk, Ryan Johansen, Anthony Beauvillier, Paul Stastny, Lawson Crouse, Casey Cizikas, Luke Glendening, Ilya Mikheyev
Custom OT Lines Defensemen
Seth Jones, Connor Murphy, Jakob Chychrun, Cam Fowler, Joel Edmundson

Scratches
Maxime Comtois (Healthy), Jarred Tinordi (Healthy), Cam Talbot (Healthy)

% Time on Ice - Penguins

Lines # - Real PCT - Wanted PCT - Time Play
Normal Forward
1 - 33% - 35% - 18:01
2 - 31% - 33% - 16:55
3 - 22% - 20% - 12:03
4 - 15% - 12% - 8:01
Normal Defense
1 - 27% - 30% - 14:55
2 - 32% - 30% - 17:28
3 - 32% - 30% - 17:24
4 - 9% - 10% - 5:13
PP Forward
1 - 0% - 60%
2 - 0% - 40%
PP Defense
1 - 0% - 60%
2 - 0% - 40%
PK Forward
1 - 82% - 60% - 3:22
2 - 18% - 40% - 0:43
PK Defense
1 - 60% - 60% - 2:26
2 - 40% - 40% - 1:39
PK3 Forward
1 - 0% - 60%
2 - 0% - 40%
PK3 Defense
1 - 0% - 60%
2 - 0% - 40%
44 Forward
1 - 0% - 60%
2 - 0% - 40%
44 Defense
1 - 0% - 60%
2 - 0% - 40%
Last Minute Offensive  - 0:00
Last Minute Defensive  - 0:55
Total
Forward - 60:00
Defense - 60:00

% Time on Ice - Bruins

Lines # - Real PCT - Wanted PCT - Time Play
Normal Forward
1 - 31% - 35% - 17:12
2 - 27% - 30% - 14:51
3 - 23% - 20% - 12:48
4 - 19% - 15% - 10:12
Normal Defense
1 - 38% - 38% - 21:02
2 - 30% - 31% - 16:42
3 - 30% - 31% - 16:39
4 - 1% - 0% - 0:40
PP Forward
1 - 55% - 55% - 2:14
2 - 45% - 45% - 1:51
PP Defense
1 - 50% - 50% - 2:03
2 - 50% - 50% - 2:02
PK Forward
1 - 0% - 60%
2 - 0% - 40%
PK Defense
1 - 0% - 60%
2 - 0% - 40%
PK3 Forward
1 - 0% - 50%
2 - 0% - 50%
PK3 Defense
1 - 0% - 50%
2 - 0% - 50%
44 Forward
1 - 0% - 60%
2 - 0% - 40%
44 Defense
1 - 0% - 60%
2 - 0% - 40%
Last Minute Offensive  - 0:52
Last Minute Defensive  - 0:00
Total
Forward - 60:00
Defense - 60:00

Play-by-Play

1st period


0:01 of 1st period - Auston Matthews wins face-off versus Sean Monahan in neutral zone.
1:18 of 1st period - Nolan Patrick is hit by Brian Boyle and loses puck.
1:24 of 1st period - Icing by Ethan Bear.
1:25 of 1st period - Luke Glendening wins face-off versus Charlie Coyle in Bruins zone.
1:34 of 1st period - Wrist shot by Nolan Patrick.
1:34 of 1st period - Stopped by Jack Campbell with a rebound.
1:36 of 1st period - Wrist shot by Luke Glendening.
1:36 of 1st period - Shot Blocked by Miro Heiskanen.
1:58 of 1st period - Wrist shot by Nolan Patrick.
1:58 of 1st period - Stopped by Jack Campbell with a rebound.
2:06 of 1st period - Slapshot by Pat Maroon.
2:06 of 1st period - Stopped by Jack Campbell without a rebound.
2:07 of 1st period - Sean Monahan wins face-off versus Auston Matthews in Penguins zone.
2:10 of 1st period - Snap shot by Brady Tkachuk.
2:10 of 1st period - Shot Misses the Net.
2:57 of 1st period - Snap shot by Lawson Crouse.
2:57 of 1st period - Shot Misses the Net.
2:59 of 1st period - Slapshot by Jakob Chychrun.
2:59 of 1st period - Shot Blocked by Tyler Myers.
3:01 of 1st period - Slapshot by Connor Murphy.
3:01 of 1st period - Shot Misses the Net.
3:03 of 1st period - Slapshot by Connor Murphy.
3:03 of 1st period - Stopped by Jack Campbell with a rebound.
3:05 of 1st period - Wrist shot by Connor Murphy.
3:05 of 1st period - Shot Misses the Net.
3:50 of 1st period - Snap shot by Auston Matthews.
3:50 of 1st period - Stopped by Juuse Saros without a rebound.
3:51 of 1st period - Sean Monahan wins face-off versus Charlie Coyle in Bruins zone.
4:37 of 1st period - Wrist shot by Lawson Crouse.
4:37 of 1st period - Shot Misses the Net.
4:39 of 1st period - Snap shot by Lawson Crouse.
4:39 of 1st period - Stopped by Jack Campbell without a rebound.
4:40 of 1st period - Casey Cizikas wins face-off versus Brian Boyle in Penguins zone.
4:49 of 1st period - Snap shot by Ilya Mikheyev.
4:49 of 1st period - Shot Hit the Post.
4:51 of 1st period - Wrist shot by Lawson Crouse.
4:51 of 1st period - Stopped by Jack Campbell with a rebound.
4:53 of 1st period - Snap shot by Seth Jones.
4:53 of 1st period - Shot Blocked by Michael Grabner.
4:55 of 1st period - Slapshot by Seth Jones.
4:55 of 1st period - Stopped by Jack Campbell with a rebound.
5:01 of 1st period - Minor Penalty to Michael Grabner for Roughing.
5:02 of 1st period - Brian Boyle wins face-off versus Ryan Johansen in Penguins zone.
5:19 of 1st period - Snap shot by Anthony Mantha.
5:19 of 1st period - Stopped by Jack Campbell with a rebound.
5:39 of 1st period - Wrist shot by Brady Tkachuk.
5:39 of 1st period - Shot Blocked by Brent Burns.
7:01 of 1st period - Penalty to Michael Grabner is over, Michael Grabner is back on ice.
7:10 of 1st period - Michael Grabner is hit by Pat Maroon and loses puck.
7:41 of 1st period - Wrist shot by Tomas Tatar.
7:41 of 1st period - Shot Blocked by Lawson Crouse.
7:43 of 1st period - Slapshot by Roman Polak.
7:43 of 1st period - Deflect By Tomas Tatar.
7:43 of 1st period - Shot Misses the Net.
7:43 of 1st period - Puck is out of play.
7:44 of 1st period - Luke Glendening wins face-off versus Charlie Coyle in Bruins zone.
8:17 of 1st period - Slapshot by Lawson Crouse.
8:17 of 1st period - Shot Misses the Net.
8:55 of 1st period - Dmitry Orlov is hit by Paul Stastny and loses puck.
9:12 of 1st period - Wrist shot by Mikael Granlund.
9:12 of 1st period - Shot Misses the Net.
9:22 of 1st period - Wrist shot by Nolan Patrick.
9:22 of 1st period - Shot Misses the Net.
9:39 of 1st period - Wrist shot by Auston Matthews.
9:39 of 1st period - Stopped by Juuse Saros without a rebound.
9:40 of 1st period - Sean Monahan wins face-off versus Auston Matthews in Bruins zone.
10:21 of 1st period - Wrist shot by Ilya Mikheyev.
10:21 of 1st period - Shot Misses the Net.
10:23 of 1st period - Wrist shot by Jakob Chychrun.
10:23 of 1st period - Stopped by Jack Campbell without a rebound.
10:24 of 1st period - Charlie Coyle wins face-off versus Paul Stastny in Penguins zone.
10:35 of 1st period - Wrist shot by Joel Armia.
10:35 of 1st period - Shot Misses the Net.
10:37 of 1st period - Snap shot by Joel Armia.
10:37 of 1st period - Shot Misses the Net.
10:49 of 1st period - Michael Grabner is hit by Sean Monahan and loses puck.
13:15 of 1st period - Wrist shot by Mikael Granlund.
13:15 of 1st period - Stopped by Juuse Saros with a rebound.
13:21 of 1st period - Joel Armia is hit by Casey Cizikas.
13:45 of 1st period - Wrist shot by Pat Maroon.
13:45 of 1st period - Shot Blocked by Dmitry Orlov.
13:47 of 1st period - Wrist shot by Nolan Patrick.
13:47 of 1st period - Shot Misses the Net.
14:31 of 1st period - Slapshot by Casey Cizikas.
14:31 of 1st period - Stopped by Jack Campbell without a rebound.
14:32 of 1st period - Casey Cizikas wins face-off versus Auston Matthews in Penguins zone.
14:37 of 1st period - Snap shot by Casey Cizikas.
14:37 of 1st period - Stopped by Jack Campbell without a rebound.
14:38 of 1st period - Charlie Coyle wins face-off versus Sean Monahan in Penguins zone.
14:49 of 1st period - Snap shot by Joel Armia.
14:49 of 1st period - Stopped by Juuse Saros with a rebound.
15:31 of 1st period - Wrist shot by Casey Cizikas.
15:31 of 1st period - Stopped by Jack Campbell with a rebound.
15:33 of 1st period - Wrist shot by Ilya Mikheyev.
15:33 of 1st period - Shot Misses the Net.
15:35 of 1st period - Wrist shot by Casey Cizikas.
15:35 of 1st period - Stopped by Jack Campbell without a rebound.
15:36 of 1st period - Sean Monahan wins face-off versus Charlie Coyle in Penguins zone.
15:52 of 1st period - Mikael Granlund is hit by Connor Murphy and loses puck.
16:03 of 1st period - Jakob Chychrun is hit by Patric Hornqvist.
16:09 of 1st period - Snap shot by Anthony Beauvillier.
16:09 of 1st period - Shot Misses the Net.
16:43 of 1st period - Wrist shot by Lawson Crouse.
16:43 of 1st period - Stopped by Jack Campbell without a rebound.
16:44 of 1st period - Casey Cizikas wins face-off versus Sam Bennett in Penguins zone.
16:57 of 1st period - Wrist shot by Sam Bennett.
16:57 of 1st period - Stopped by Juuse Saros without a rebound.
16:58 of 1st period - Sean Monahan wins face-off versus Joel Armia in Bruins zone.
18:12 of 1st period - Slapshot by Lawson Crouse.
18:12 of 1st period - Stopped by Jack Campbell without a rebound.
18:13 of 1st period - Charlie Coyle wins face-off versus Anthony Mantha in Penguins zone.
18:26 of 1st period - Snap shot by Mikael Granlund.
18:26 of 1st period - Shot Misses the Net.
18:28 of 1st period - Slapshot by Charlie Coyle.
18:28 of 1st period - Goal by Charlie Coyle - Penguins : 1 - Bruins : 0.
18:29 of 1st period - Sean Monahan wins face-off versus Charlie Coyle in neutral zone.
18:34 of 1st period - Wrist shot by Anthony Mantha.
18:34 of 1st period - Stopped by Jack Campbell with a rebound.
18:36 of 1st period - Wrist shot by Anthony Mantha.
18:36 of 1st period - Goal by Anthony Mantha - Penguins : 1 - Bruins : 1.
18:37 of 1st period - Charlie Coyle wins face-off versus Sean Monahan in neutral zone.
18:48 of 1st period - Snap shot by Mikael Granlund.
18:48 of 1st period - Stopped by Juuse Saros with a rebound.
18:50 of 1st period - Wrist shot by Tyler Myers.
18:50 of 1st period - Stopped by Juuse Saros without a rebound.
18:51 of 1st period - Auston Matthews wins face-off versus Paul Stastny in Bruins zone.
18:52 of 1st period - Wrist shot by Tomas Tatar.
18:52 of 1st period - Shot Misses the Net.
19:02 of 1st period - Wrist shot by Ryan Johansen.
19:02 of 1st period - Shot Blocked by Tyler Myers.
19:04 of 1st period - Slapshot by Joel Edmundson.
19:04 of 1st period - Stopped by Jack Campbell with a rebound.
19:06 of 1st period - Snap shot by Anthony Beauvillier.
19:06 of 1st period - Shot Blocked by Tomas Tatar.
19:37 of 1st period - Slapshot by Brent Burns.
19:37 of 1st period - Stopped by Juuse Saros with a rebound.
19:39 of 1st period - Wrist shot by Brian Boyle.
19:39 of 1st period - Shot Blocked by Seth Jones.
19:41 of 1st period - Slapshot by Brian Boyle.
19:41 of 1st period - Shot Hit the Post.
19:57 of 1st period - Cam Fowler is hit by Tomas Tatar and loses puck.
Goals for this period are 1 for Penguins vs 1 for Bruins.
Shots for this period are 9 for Penguins vs 18 for Bruins.

2nd period


0:01 of 2nd period - Paul Stastny wins face-off versus Charlie Coyle in neutral zone.
0:32 of 2nd period - Snap shot by Mikael Granlund.
0:32 of 2nd period - Shot Misses the Net.
0:36 of 2nd period - Snap shot by Mikael Granlund.
0:36 of 2nd period - Shot Misses the Net.
0:38 of 2nd period - Snap shot by Joel Armia.
0:38 of 2nd period - Deflect By Mikael Granlund.
0:38 of 2nd period - Shot Blocked by Connor Murphy.
0:38 of 2nd period - Puck is out of play.
0:39 of 2nd period - Sean Monahan wins face-off versus Patric Hornqvist in Bruins zone.
0:45 of 2nd period - Off-side.
0:46 of 2nd period - Tomas Tatar wins face-off versus Sean Monahan in neutral zone.
0:53 of 2nd period - Wrist shot by Auston Matthews.
0:53 of 2nd period - Shot Misses the Net.
0:55 of 2nd period - Wrist shot by Auston Matthews.
0:55 of 2nd period - Stopped by Juuse Saros with a rebound.
0:57 of 2nd period - Snap shot by Tomas Tatar.
0:57 of 2nd period - Stopped by Juuse Saros without a rebound.
0:58 of 2nd period - Sean Monahan wins face-off versus Auston Matthews in Bruins zone.
1:15 of 2nd period - Off-side.
1:16 of 2nd period - Paul Stastny wins face-off versus Charlie Coyle in neutral zone.
1:18 of 2nd period - Off-side.
1:19 of 2nd period - Charlie Coyle wins face-off versus Paul Stastny in neutral zone.
1:26 of 2nd period - Snap shot by Mikael Granlund.
1:26 of 2nd period - Stopped by Juuse Saros with a rebound.
1:32 of 2nd period - Snap shot by Mikael Granlund.
1:32 of 2nd period - Stopped by Juuse Saros without a rebound.
1:33 of 2nd period - Auston Matthews wins face-off versus Sean Monahan in Bruins zone.
2:58 of 2nd period - Charlie Coyle is hit by Sean Monahan and loses puck.
3:39 of 2nd period - Snap shot by Nolan Patrick.
3:39 of 2nd period - Stopped by Jack Campbell with a rebound.
4:26 of 2nd period - Slapshot by Cam Fowler.
4:26 of 2nd period - Stopped by Jack Campbell without a rebound.
4:27 of 2nd period - Paul Stastny wins face-off versus Charlie Coyle in Penguins zone.
4:44 of 2nd period - Wrist shot by Michael Grabner.
4:44 of 2nd period - Shot Blocked by Anthony Beauvillier.
4:46 of 2nd period - Snap shot by Brian Boyle.
4:46 of 2nd period - Stopped by Juuse Saros without a rebound.
4:47 of 2nd period - Sean Monahan wins face-off versus Brian Boyle in Bruins zone.
7:46 of 2nd period - Backhand shot by Paul Stastny.
7:46 of 2nd period - Deflect By Ryan Johansen.
7:46 of 2nd period - Shot Blocked by Jesperi Kotkaniemi.
7:46 of 2nd period - Puck is out of play.
7:47 of 2nd period - Patric Hornqvist wins face-off versus Paul Stastny in Penguins zone.
7:54 of 2nd period - Wrist shot by Anthony Beauvillier.
7:54 of 2nd period - Shot Misses the Net.
8:39 of 2nd period - Tyler Myers is hit by Joel Edmundson and loses puck.
8:44 of 2nd period - Snap shot by Pat Maroon.
8:44 of 2nd period - Stopped by Jack Campbell with a rebound.
8:46 of 2nd period - Backhand shot by Luke Glendening.
8:46 of 2nd period - Deflect By Pat Maroon.
8:46 of 2nd period - Stopped by Jack Campbell with a rebound.
8:53 of 2nd period - Icing by Sam Bennett.
8:54 of 2nd period - Brian Boyle wins face-off versus Casey Cizikas in Penguins zone.
9:01 of 2nd period - Seth Jones is hit by Brian Boyle.
9:27 of 2nd period - Slapshot by Brady Tkachuk.
9:27 of 2nd period - Shot Blocked by Dmitry Orlov.
9:29 of 2nd period - Slapshot by Cam Fowler.
9:29 of 2nd period - Stopped by Jack Campbell without a rebound.
9:30 of 2nd period - Charlie Coyle wins face-off versus Paul Stastny in Penguins zone.
9:37 of 2nd period - Snap shot by Paul Stastny.
9:37 of 2nd period - Shot Blocked by Tyler Myers.
10:02 of 2nd period - Snap shot by Brady Tkachuk.
10:02 of 2nd period - Shot Blocked by Dmitry Orlov.
10:40 of 2nd period - Roman Polak is hit by Joel Edmundson.
10:46 of 2nd period - Snap shot by Nolan Patrick.
10:46 of 2nd period - Stopped by Jack Campbell without a rebound.
10:47 of 2nd period - Sean Monahan wins face-off versus Auston Matthews in Penguins zone.
11:12 of 2nd period - Snap shot by Jesperi Kotkaniemi.
11:12 of 2nd period - Deflect By Brian Boyle.
11:12 of 2nd period - Stopped by Juuse Saros with a rebound.
11:14 of 2nd period - Wrist shot by Brian Boyle.
11:14 of 2nd period - Goal by Brian Boyle - Penguins : 2 - Bruins : 1.
11:15 of 2nd period - Sean Monahan wins face-off versus Charlie Coyle in neutral zone.
11:26 of 2nd period - Snap shot by Anthony Mantha.
11:26 of 2nd period - Shot Misses the Net.
11:44 of 2nd period - Slapshot by Brady Tkachuk.
11:44 of 2nd period - Shot Blocked by Tyler Myers.
12:00 of 2nd period - Slapshot by Michael Grabner.
12:00 of 2nd period - Shot Misses the Net.
12:02 of 2nd period - Snap shot by Michael Grabner.
12:02 of 2nd period - Stopped by Juuse Saros without a rebound.
12:03 of 2nd period - Brian Boyle wins face-off versus Lawson Crouse in Bruins zone.
12:10 of 2nd period - Slapshot by Brian Boyle.
12:10 of 2nd period - Stopped by Juuse Saros without a rebound.
12:11 of 2nd period - Charlie Coyle wins face-off versus Sean Monahan in Bruins zone.
12:12 of 2nd period - Snap shot by Mikael Granlund.
12:12 of 2nd period - Stopped by Juuse Saros without a rebound.
12:13 of 2nd period - Charlie Coyle wins face-off versus Sean Monahan in Bruins zone.
13:18 of 2nd period - Snap shot by Paul Stastny.
13:18 of 2nd period - Stopped by Jack Campbell without a rebound.
13:19 of 2nd period - Charlie Coyle wins face-off versus Luke Glendening in Penguins zone.
14:09 of 2nd period - Wrist shot by Ilya Mikheyev.
14:09 of 2nd period - Stopped by Jack Campbell with a rebound.
14:11 of 2nd period - Wrist shot by Ilya Mikheyev.
14:11 of 2nd period - Stopped by Jack Campbell without a rebound.
14:12 of 2nd period - Sean Monahan wins face-off versus Charlie Coyle in Penguins zone.
14:38 of 2nd period - Brady Tkachuk is hit by Brian Boyle and loses puck.
14:56 of 2nd period - Anthony Mantha is hit by Brent Burns and loses puck.
15:04 of 2nd period - Icing by Jakob Chychrun.
15:05 of 2nd period - Auston Matthews wins face-off versus Paul Stastny in Bruins zone.
18:09 of 2nd period - Snap shot by Ilya Mikheyev.
18:09 of 2nd period - Stopped by Jack Campbell with a rebound.
18:32 of 2nd period - Slapshot by Cale Makar.
18:32 of 2nd period - Deflect By Brent Burns.
18:32 of 2nd period - Shot Misses the Net.
18:32 of 2nd period - Puck is out of play.
18:33 of 2nd period - Sam Bennett wins face-off versus Luke Glendening in Bruins zone.
18:44 of 2nd period - Slapshot by Pat Maroon.
18:44 of 2nd period - Stopped by Jack Campbell without a rebound.
18:45 of 2nd period - Auston Matthews wins face-off versus Sean Monahan in Penguins zone.
19:53 of 2nd period - Backhand shot by Nolan Patrick.
19:53 of 2nd period - Stopped by Jack Campbell without a rebound.
19:54 of 2nd period - Luke Glendening wins face-off versus Charlie Coyle in Penguins zone.
Goals for this period are 1 for Penguins vs 0 for Bruins.
Shots for this period are 10 for Penguins vs 12 for Bruins.

3rd period


0:01 of 3rd period - Auston Matthews wins face-off versus Sean Monahan in neutral zone.
1:08 of 3rd period - Snap shot by Brent Burns.
1:08 of 3rd period - Shot Blocked by Pat Maroon.
1:39 of 3rd period - Off-side.
1:40 of 3rd period - Charlie Coyle wins face-off versus Paul Stastny in neutral zone.
1:47 of 3rd period - Wrist shot by Mikael Granlund.
1:47 of 3rd period - Shot Misses the Net.
1:49 of 3rd period - Slapshot by Joel Armia.
1:49 of 3rd period - Stopped by Juuse Saros with a rebound.
1:51 of 3rd period - Backhand shot by Dmitry Orlov.
1:51 of 3rd period - Stopped by Juuse Saros with a rebound.
1:55 of 3rd period - Snap shot by Charlie Coyle.
1:55 of 3rd period - Shot Misses the Net.
3:20 of 3rd period - Snap shot by Auston Matthews.
3:20 of 3rd period - Shot Blocked by Paul Stastny.
3:30 of 3rd period - Brady Tkachuk is hit by Reid Boucher.
4:02 of 3rd period - Snap shot by Ilya Mikheyev.
4:02 of 3rd period - Stopped by Jack Campbell with a rebound.
4:04 of 3rd period - Wrist shot by Ilya Mikheyev.
4:04 of 3rd period - Stopped by Jack Campbell without a rebound.
4:05 of 3rd period - Auston Matthews wins face-off versus Anthony Beauvillier in Penguins zone.
4:07 of 3rd period - Minor Penalty to Tyler Myers for Tripping.
4:08 of 3rd period - Brian Boyle wins face-off versus Sean Monahan in Penguins zone.
6:07 of 3rd period - Penalty to Tyler Myers is over, Tyler Myers is back on ice.
7:36 of 3rd period - Ilya Mikheyev is hit by Roman Polak and loses puck.
8:22 of 3rd period - Wrist shot by Mikael Granlund.
8:22 of 3rd period - Stopped by Juuse Saros with a rebound.
8:36 of 3rd period - Lawson Crouse is hit by Patric Hornqvist and loses puck.
9:03 of 3rd period - Snap shot by Jesperi Kotkaniemi.
9:03 of 3rd period - Shot Blocked by Cam Fowler.
9:09 of 3rd period - Seth Jones is hit by Miro Heiskanen and loses puck.
9:23 of 3rd period - Cale Makar is hit by Nolan Patrick and loses puck.
9:30 of 3rd period - Reid Boucher is hit by Connor Murphy and loses puck.
9:35 of 3rd period - Snap shot by Pat Maroon.
9:35 of 3rd period - Stopped by Jack Campbell with a rebound.
9:37 of 3rd period - Slapshot by Pat Maroon.
9:37 of 3rd period - Shot Blocked by Brent Burns.
9:39 of 3rd period - Snap shot by Luke Glendening.
9:39 of 3rd period - Stopped by Jack Campbell without a rebound.
9:40 of 3rd period - Charlie Coyle wins face-off versus Sean Monahan in Penguins zone.
10:05 of 3rd period - Anthony Beauvillier is hit by Roman Polak and loses puck.
10:27 of 3rd period - Off-side.
10:28 of 3rd period - Casey Cizikas wins face-off versus Charlie Coyle in neutral zone.
10:37 of 3rd period - Mikael Granlund is hit by Casey Cizikas and loses puck.
11:53 of 3rd period - Slapshot by Connor Murphy.
11:53 of 3rd period - Deflect By Luke Glendening.
11:53 of 3rd period - Shot Blocked by Roman Polak.
11:53 of 3rd period - Puck is out of play.
11:54 of 3rd period - Luke Glendening wins face-off versus Charlie Coyle in Penguins zone.
12:21 of 3rd period - Snap shot by Tomas Tatar.
12:21 of 3rd period - Stopped by Juuse Saros without a rebound.
12:22 of 3rd period - Auston Matthews wins face-off versus Sean Monahan in Bruins zone.
12:56 of 3rd period - Wrist shot by Anthony Mantha.
12:56 of 3rd period - Stopped by Jack Campbell without a rebound.
12:57 of 3rd period - Auston Matthews wins face-off versus Paul Stastny in Penguins zone.
12:57 of 3rd period - Auston Matthews is hit by Ryan Johansen.
13:57 of 3rd period - Snap shot by Pat Maroon.
13:57 of 3rd period - Shot Misses the Net.
14:29 of 3rd period - Slapshot by Ryan Johansen.
14:29 of 3rd period - Shot Blocked by Auston Matthews.
15:28 of 3rd period - Snap shot by Joel Armia.
15:28 of 3rd period - Stopped by Juuse Saros without a rebound.
15:29 of 3rd period - Charlie Coyle wins face-off versus Sean Monahan in Bruins zone.
15:32 of 3rd period - Snap shot by Mikael Granlund.
15:32 of 3rd period - Stopped by Juuse Saros with a rebound.
15:46 of 3rd period - Snap shot by Joel Armia.
15:46 of 3rd period - Shot Misses the Net.
16:10 of 3rd period - Slapshot by Brent Burns.
16:10 of 3rd period - Deflect By Jesperi Kotkaniemi.
16:10 of 3rd period - Stopped by Juuse Saros without a rebound.
16:11 of 3rd period - Sean Monahan wins face-off versus Charlie Coyle in Bruins zone.
17:00 of 3rd period - Slapshot by Cale Makar.
17:00 of 3rd period - Shot Misses the Net.
17:02 of 3rd period - Backhand shot by Auston Matthews.
17:02 of 3rd period - Stopped by Juuse Saros with a rebound.
17:04 of 3rd period - Snap shot by Patric Hornqvist.
17:04 of 3rd period - Shot Misses the Net.
17:06 of 3rd period - Backhand shot by Cale Makar.
17:06 of 3rd period - Deflect By Lawson Crouse.
17:06 of 3rd period - Stopped by Juuse Saros without a rebound.
17:07 of 3rd period - Auston Matthews wins face-off versus Sean Monahan in Bruins zone.
18:05 of 3rd period - Slapshot by Seth Jones.
18:05 of 3rd period - Deflect By Dmitry Orlov.
18:05 of 3rd period - Stopped by Jack Campbell without a rebound.
18:06 of 3rd period - Sean Monahan wins face-off versus Auston Matthews in Penguins zone.
18:13 of 3rd period - Snap shot by Auston Matthews.
18:13 of 3rd period - Stopped by Juuse Saros with a rebound.
18:33 of 3rd period - Mikael Granlund is hit by Paul Stastny and loses puck.
18:44 of 3rd period - Wrist shot by Paul Stastny.
18:44 of 3rd period - Shot Blocked by Dmitry Orlov.
19:01 of 3rd period - Bruins, Juuse Saros is pulled from the net.
19:44 of 3rd period - Minor Penalty to Michael Grabner for Interference.
19:45 of 3rd period - Paul Stastny wins face-off versus Mikael Granlund in Penguins zone.
19:51 of 3rd period - Slapshot by Brady Tkachuk.
19:51 of 3rd period - Goal by Brady Tkachuk - Penguins : 2 - Bruins : 2.
19:51 of 3rd period - Juuse Saros from Bruins was sent back in the game.
19:52 of 3rd period - Charlie Coyle wins face-off versus Paul Stastny in neutral zone.
Goals for this period are 0 for Penguins vs 1 for Bruins.
Shots for this period are 10 for Penguins vs 7 for Bruins.

Overtime #1


0:01 of 1st overtime period - Auston Matthews wins face-off versus Sean Monahan in neutral zone.
0:26 of 1st overtime period - Seth Jones is hit by Mikael Granlund.
2:28 of 1st overtime period - Tomas Tatar is hit by Lawson Crouse and loses puck.
Goals for this period are 0 for Penguins vs 0 for Bruins.
Shots for this period are 0 for Penguins vs 0 for Bruins.

ShootOut


5:00 of 1st overtime period - Round #1.
5:00 of 1st overtime period - Penguins, Brent Burns.
5:00 of 1st overtime period - Deke by Brent Burns.
5:00 of 1st overtime period - Shot Misses the Net.
5:00 of 1st overtime period - Bruins, Sean Monahan.
5:00 of 1st overtime period - Deke by Sean Monahan.
5:00 of 1st overtime period - Stopped by Jack Campbell.
5:00 of 1st overtime period - Round #2.
5:00 of 1st overtime period - Penguins, Auston Matthews.
5:00 of 1st overtime period - Snap shot by Auston Matthews.
5:00 of 1st overtime period - Stopped by Juuse Saros.
5:00 of 1st overtime period - Bruins, Anthony Mantha.
5:00 of 1st overtime period - Deke by Anthony Mantha.
5:00 of 1st overtime period - Stopped by Jack Campbell.
5:00 of 1st overtime period - Round #3.
5:00 of 1st overtime period - Penguins, Tomas Tatar.
5:00 of 1st overtime period - Wrist shot by Tomas Tatar.
5:00 of 1st overtime period - Shot Misses the Net.
5:00 of 1st overtime period - Bruins, Brady Tkachuk.
5:00 of 1st overtime period - Wrist shot by Brady Tkachuk.
5:00 of 1st overtime period - Stopped by Jack Campbell.
5:00 of 1st overtime period - Round #4.
5:00 of 1st overtime period - Penguins, Patric Hornqvist.
5:00 of 1st overtime period - Deke by Patric Hornqvist.
5:00 of 1st overtime period - Stopped by Juuse Saros.
5:00 of 1st overtime period - Bruins, Ryan Johansen.
5:00 of 1st overtime period - Deke by Ryan Johansen.
5:00 of 1st overtime period - Shot Misses the Net.
5:00 of 1st overtime period - Round #5.
5:00 of 1st overtime period - Penguins, Charlie Coyle.
5:00 of 1st overtime period - Snap shot by Charlie Coyle.
5:00 of 1st overtime period - Goal by Charlie Coyle.
5:00 of 1st overtime period - Bruins, Anthony Beauvillier.
5:00 of 1st overtime period - Deke by Anthony Beauvillier.
5:00 of 1st overtime period - Stopped by Jack Campbell.